% Time on Ice - COLORADO GLACIERCATS
Lines # - Real PCT - Wanted PCT - Time Play
Normal Forward
1 - 33% - 36% - 16:11
2 - 33% - 36% - 16:21
3 - 22% - 25% - 10:51
4 - 11% - 3% - 5:32
Normal Defense
1 - 29% - 38% - 13:58
2 - 35% - 37% - 17:21
3 - 27% - 21% - 13:19
4 - 9% - 4% - 4:17
PP Forward
1 - 45% - 55% - 4:04
2 - 55% - 45% - 5:02
PP Defense
1 - 47% - 60% - 4:19
2 - 53% - 40% - 4:47
PK Forward
1 - 80% - 50% - 0:48
2 - 20% - 50% - 0:12
PK Defense
1 - 80% - 50% - 0:48
2 - 20% - 50% - 0:12
PK3 Forward
1 - 0% - 50%
2 - 0% - 50%
PK3 Defense
1 - 0% - 50%
2 - 0% - 50%
44 Forward
1 - 44% - 50% - 0:26
2 - 56% - 50% - 0:33
44 Defense
1 - 56% - 45% - 0:33
2 - 44% - 55% - 0:26
Last Minute Offensive  - 0:00
Last Minute Defensive  - 0:00
Total
Forward - 60:00
Defense - 60:00
% Time on Ice - ANCHORAGE ACES
Lines # - Real PCT - Wanted PCT - Time Play
Normal Forward
1 - 37% - 34% - 18:05
2 - 31% - 32% - 15:19
3 - 23% - 24% - 11:11
4 - 9% - 10% - 4:20
Normal Defense
1 - 38% - 36% - 18:45
2 - 33% - 34% - 15:58
3 - 25% - 22% - 12:09
4 - 4% - 8% - 2:03
PP Forward
1 - 30% - 50% - 0:18
2 - 70% - 50% - 0:42
PP Defense
1 - 30% - 50% - 0:18
2 - 70% - 50% - 0:42
PK Forward
1 - 48% - 50% - 4:24
2 - 52% - 50% - 4:42
PK Defense
1 - 54% - 50% - 4:53
2 - 46% - 50% - 4:13
PK3 Forward
1 - 0% - 55%
2 - 0% - 45%
PK3 Defense
1 - 0% - 55%
2 - 0% - 45%
44 Forward
1 - 44% - 50% - 0:26
2 - 56% - 50% - 0:33
44 Defense
1 - 44% - 55% - 0:26
2 - 56% - 45% - 0:33
Last Minute Offensive  - 0:00
Last Minute Defensive  - 0:00
Total
Forward - 60:00
Defense - 60:00
Play-by-Play 1st period 0:01 of 1st period - Connor McDavid wins face-off versus Leon Draisaitl in neutral zone. 0:51 of 1st period - Icing by Devon Toews. 0:52 of 1st period - Phillip Danault wins face-off versus Leon Draisaitl in COLORADO GLACIERCATS zone. 0:57 of 1st period - Shot by Jonathan Audy-Marchessault. 0:57 of 1st period - Shot Blocked by Tage Thompson. 0:59 of 1st period - Shot by Jonathan Audy-Marchessault. 0:59 of 1st period - Deflect By Phillip Danault. 0:59 of 1st period - Shot Misses the Net. 1:00 of 1st period - Minor Penalty to Jonathan Audy-Marchessault for Tripping. 1:01 of 1st period - Brayden Schenn wins face-off versus Phillip Danault in ANCHORAGE ACES zone. 1:06 of 1st period - Shot by Blake Wheeler. 1:06 of 1st period - Stopped by Darcy Kuemper without a rebound. 1:07 of 1st period - Tomas Hertl wins face-off versus Connor McDavid in ANCHORAGE ACES zone. 1:17 of 1st period - Off-side. 1:18 of 1st period - Tomas Hertl wins face-off versus Connor McDavid in neutral zone. 1:41 of 1st period - Shot by Tomas Hertl. 1:41 of 1st period - Stopped by Darcy Kuemper without a rebound. 1:42 of 1st period - Connor McDavid wins face-off versus Leon Draisaitl in ANCHORAGE ACES zone. 1:57 of 1st period - Shot by Leon Draisaitl. 1:57 of 1st period - Shot Blocked by Conor Sheary. 2:01 of 1st period - Shot by Sam Reinhart. 2:01 of 1st period - Stopped by Darcy Kuemper with a rebound. 3:06 of 1st period - Shot by Ondrej Kase. 3:06 of 1st period - Shot Misses the Net. 3:44 of 1st period - Shot by Jamie Benn. 3:44 of 1st period - Shot Blocked by Jonathan Audy-Marchessault. 4:22 of 1st period - Shot by Nikolaj Ehlers. 4:22 of 1st period - Shot Misses the Net. 4:24 of 1st period - Shot by Nikolaj Ehlers. 4:24 of 1st period - Deflect By Connor McDavid. 4:24 of 1st period - Shot Blocked by Ilya Lyubushkin. 4:33 of 1st period - Shot by Nathan MacKinnon. 4:33 of 1st period - Stopped by Marc-Andre Fleury without a rebound. 4:34 of 1st period - Joshua Norris wins face-off versus Tomas Hertl in COLORADO GLACIERCATS zone. 4:37 of 1st period - Shot by Conor Sheary. 4:37 of 1st period - Stopped by Marc-Andre Fleury without a rebound. 4:38 of 1st period - Joshua Norris wins face-off versus Tomas Hertl in COLORADO GLACIERCATS zone. 5:13 of 1st period - Shot by Tomas Hertl. 5:13 of 1st period - Shot Blocked by Alex Goligoski. 5:15 of 1st period - Shot by Mario Ferraro. 5:15 of 1st period - Stopped by Darcy Kuemper with a rebound. 5:19 of 1st period - Shot by Blake Wheeler. 5:19 of 1st period - Shot Blocked by Alex Goligoski. 5:28 of 1st period - Seth Jones is hit by Devon Toews and loses puck. 6:05 of 1st period - Phillip Danault is hit by Luke Schenn. 7:08 of 1st period - Shot by Nikolaj Ehlers. 7:08 of 1st period - Stopped by Marc-Andre Fleury with a rebound. 7:10 of 1st period - Shot by Connor McDavid. 7:10 of 1st period - Goal by Connor McDavid - COLORADO GLACIERCATS : 0 - ANCHORAGE ACES : 1. 7:11 of 1st period - Tomas Hertl wins face-off versus Andrew Ladd in neutral zone. 7:17 of 1st period - Jonathan Audy-Marchessault is hit by Mario Ferraro and loses puck. 8:07 of 1st period - Shot by Connor McDavid. 8:07 of 1st period - Stopped by Marc-Andre Fleury with a rebound. 9:05 of 1st period - Icing by Mario Ferraro. 9:06 of 1st period - Tomas Hertl wins face-off versus Joshua Norris in COLORADO GLACIERCATS zone. 9:42 of 1st period - Jakob Chychrun is hit by Brayden Schenn and loses puck. 9:46 of 1st period - Icing by Ryan Lomberg. 9:47 of 1st period - Leon Draisaitl wins face-off versus Joshua Norris in ANCHORAGE ACES zone. 10:08 of 1st period - Shot by Sam Reinhart. 10:08 of 1st period - Shot Blocked by John Klingberg. 10:10 of 1st period - Shot by Sam Reinhart. 10:10 of 1st period - Stopped by Darcy Kuemper with a rebound. 10:12 of 1st period - Shot by Sam Reinhart. 10:12 of 1st period - Deflect By Tage Thompson. 10:12 of 1st period - Stopped by Darcy Kuemper without a rebound. 10:13 of 1st period - Alexander Wennberg wins face-off versus Phillip Danault in ANCHORAGE ACES zone. 10:40 of 1st period - Shot by Chris Kreider. 10:40 of 1st period - Shot Misses the Net. 10:42 of 1st period - Shot by Jonathan Audy-Marchessault. 10:42 of 1st period - Stopped by Marc-Andre Fleury with a rebound. 10:56 of 1st period - Shot by Phillip Danault. 10:56 of 1st period - Deflect By Chris Kreider. 10:56 of 1st period - Stopped by Marc-Andre Fleury without a rebound. 10:57 of 1st period - Leon Draisaitl wins face-off versus Connor McDavid in COLORADO GLACIERCATS zone. 11:40 of 1st period - Icing by Devon Toews. 11:41 of 1st period - Leon Draisaitl wins face-off versus Phillip Danault in COLORADO GLACIERCATS zone. 12:03 of 1st period - Icing by Phillip Danault. 12:04 of 1st period - Tomas Hertl wins face-off versus Chris Kreider in ANCHORAGE ACES zone. 12:48 of 1st period - Icing by Mario Ferraro. 12:49 of 1st period - Connor McDavid wins face-off versus Alex Iafallo in COLORADO GLACIERCATS zone. 12:58 of 1st period - Shot by Connor McDavid. 12:58 of 1st period - Shot Misses the Net. 13:00 of 1st period - Shot by Jani Hakanpaa. 13:00 of 1st period - Shot Misses the Net. 13:56 of 1st period - Minor Penalty to Seth Jones for Roughing. 13:57 of 1st period - Leon Draisaitl wins face-off versus Phillip Danault in ANCHORAGE ACES zone. 14:06 of 1st period - Phillip Danault is hit by Tage Thompson and loses puck. 14:14 of 1st period - Icing by Sam Reinhart. 14:15 of 1st period - Leon Draisaitl wins face-off versus Connor McDavid in COLORADO GLACIERCATS zone. 14:50 of 1st period - Shot by Kristopher Letang. 14:50 of 1st period - Stopped by Darcy Kuemper without a rebound. 14:51 of 1st period - Tomas Hertl wins face-off versus Phillip Danault in ANCHORAGE ACES zone. 15:49 of 1st period - Shot by Leon Draisaitl. 15:49 of 1st period - Shot Blocke